 Dungeon Crawl Stone Soup version 0.30-a0-365-ge7f957f1db (webtiles) character file.

Game seed: 14335378887993493403

136 holysushi the Slasher (level 5, -11/36 HPs)
             Began as an Octopode Monk on Nov 16, 2022.
             Killed by divine providence
             ... invoked by an orc priest
              (14 damage)
             ... on level 4 of the Dungeon.
             The game lasted 00:02:45 (2355 turns).

holysushi the Slasher (Octopode Monk)               Turns: 2355, Time: 00:02:45

Health: -11/36     AC:  1    Str: 10    XL:     5   Next: 19%
Magic:  5/5        EV: 14    Int: 13    God:
Gold:   208        SH:  0    Dex: 16    Spells: 4/4 levels left

rFire   . . .      SeeInvis +    w - +1 falchion (freeze)
rCold   . . .      Faith    .    (no shield)
rNeg    . . .      Spirit   .    (helmet restricted)
rPois   .          Reflect  .    (no amulet)
rElec   .          Harm     .    c - ring of see invisible
rCorr   .          Rampage  .    (no ring)
Will    .....                    (no ring)
Stlth   ++++......               (no ring)
HPRegen 0.26/turn                (no ring)
MPRegen 0.09/turn                (no ring)
                                 (no ring)
                                 (no ring)

@: no status effects
A: almost no armour, amphibious, 8 rings, camouflage 1, gelatinous body 1,
nimble swimmer 1, tentacles
a: no special abilities


You were on level 4 of the Dungeon.
You visited 1 branch of the dungeon, and saw 4 of its levels.

You collected 208 gold pieces.

Inventory:

Hand Weapons
 a - a +0 falchion
 w - a +1 falchion of freezing (weapon)
Jewellery
 c - a ring of see invisible (left tentacle)
 r - a +6 ring of dexterity
Wands
 d - a wand of roots (6)
 k - a wand of flame (33)
 q - a wand of paralysis (9)
Scrolls
 e - 3 scrolls of teleportation
 h - 2 scrolls of summoning
 m - a scroll of amnesia {unknown}
 s - a scroll of identify
 u - a scroll of noise {unknown}
 v - a scroll of vulnerability {unknown}
Potions
 b - a potion of ambrosia
 f - a potion of haste
 g - a potion of berserk rage {unknown}
 i - a potion of brilliance {unknown}
 l - 2 potions of resistance
 n - a potion of degeneration {unknown}
 o - a potion of cancellation {unknown}
 p - a potion of might {unknown}
 t - a potion of attraction {unknown}


   Skills:
 - Level 3.0 Fighting
 + Level 5.7 Long Blades
 - Level 3.0 Dodging
 - Level 2.6 Stealth


You had 4 spell levels left.
You didn't know any spells.
Your spell library contained the following spells:

 Spells                   Type           Power      Damage    Failure   Level
 Apportation              Tloc           0%         N/A       30%         1
 Necrotise                Necr           0%         1d4       30%         1
 Summon Small Mammal      Summ           0%         N/A       30%         1
 Ozocubu's Armour         Ice            0%         N/A       67%         3
 Ozocubu's Refrigeration  Ice            0%         4d7       100%        7


Dungeon Overview and Level Annotations

Branches:
Dungeon (4/15) Zot: 21659
 Temple: D:4-7

Altars:
Sif Muna


Innate Abilities, Weirdness & Mutations

You cannot wear most types of armour.
You are amphibious.
You can wear up to eight rings at the same time.
Your skin changes colour to match your surroundings (Stealth+).
Your rubbery body absorbs attacks. (AC +1, EV +1)
You are camouflaged when in or above water. (Stealth+)
You have tentacles for arms and can constrict up to eight enemies at once.


Message History

You start waiting.
An orc is nearby!
The orc hits you with a +0 hand axe.
You closely miss the orc. Your grab misses the orc. The orc barely misses you.
You hit the orc. You freeze the orc. Your grab misses the orc.
You squeeze the orc.
You kill the orc!
You start resting.
You hear a shout! x3
HP restored.
You see here a +0 hand axe.
The orc wizard gestures at you while chanting.
You resist with some effort. The orc wizard casts a spell at you.
You are confused.
The orc priest attacks as you move away!
The orc priest hits you with a +0 hand axe!
The orc wizard barely misses you.
An orc comes into view. It is wielding a +0 club.
The orc priest hits you with a +0 hand axe!
The orc wizard closely misses you.
You're too confused to move!
The orc wizard casts a spell at you.
You are more confused.
The orc priest misses you.
You feel better.
The orc wizard hits you with a +0 dagger.
The orc priest invokes the aid of Beogh against you.
Beogh smites you!
The orc priest attacks as you move away!
The orc priest hits you with a +0 hand axe.
* * * LOW HITPOINT WARNING * * *
The orc wizard hits you with a +0 dagger.
* * * LOW HITPOINT WARNING * * *
The orc priest attacks as you move away!
The orc priest hits you with a +0 hand axe.
* * * LOW HITPOINT WARNING * * *
The orc priest mumbles some strange prayers to Beogh against you.
Beogh smites you!
You die...

.......####♣~~~...~o....!.
..........................
#.....#.......~..~.~~..~~~
##.#).#...>..♣.~.~P♣~P~~~P
####.......#♣P~P~~~~P~≈P~
####.........#~~~~~P≈≈≈~~~
#..............♣~~~≈≈~~~P~
......#......##~~~~~~~~~♣♣
......###....##♣@~~♣~~~...#
..##.## #.......♣o♣♣♣♣#...#
..##..# #.##...o.....# .##
......# ###..#.o.######...#
..###.# #..##...##.....#
#.# .# ....####..).....#
#.###. .######............#
...... . ##.#.####.....#
.#.... #..## >.....


You could see an orc priest, an orc wizard and an orc.

Vanquished Creatures
  Jessica (D:2)
  Terence (D:2)
  4 adders
  2 dart slugs
  3 orcs
  4 bats (D:2)
  4 endoplasms
  A giant cockroach (D:3)
  5 goblins
  2 hobgoblins (D:3)
  3 kobolds
  8 ball pythons
  4 frilled lizards
  2 rats (D:2)
44 creatures vanquished.

Vanquished Creatures (others)
  A plant (D:4)
1 creature vanquished.

Grand Total: 45 creatures vanquished

Notes
Turn   | Place    | Note
-------+----------+-------------------------------------------
     0 | D:1      | holysushi the Octopode Monk began the quest for the Orb.
     0 | D:1      | Reached XP level 1. HP: 16/16 MP: 1/1
   281 | D:1      | Reached XP level 2. HP: 21/21 MP: 2/2
   663 | D:2      | Reached skill level 4 in Long Blades
   718 | D:2      | Noticed Terence
   725 | D:2      | Killed Terence
   726 | D:2      | Reached XP level 3. HP: 12/26 MP: 3/3
   869 | D:2      | Noticed Jessica
   874 | D:2      | Killed Jessica
   875 | D:2      | Reached skill level 5 in Long Blades
   875 | D:2      | Reached XP level 4. HP: 21/31 MP: 4/4
  1553 | D:3      | Reached XP level 5. HP: 24/36 MP: 5/5
  1786 | D:3      | Noticed a great orb of eyes
  1790 | D:3      | Found a faded altar of an unknown god.
  1792 | D:3      | Noticed a great orb of eyes
  1792 | D:3      | Noticed a shining eye
  1792 | D:3      | Noticed a shining eye
  2258 | D:4      | Found a shimmering blue altar of Sif Muna.
  2355 | D:4      | Killed from afar by an orc priest

Illustrated notes

Levels and vault maps discovered:
D:1:      wander_arrival_chamber, layout_basic
D:2:      layout_loops_ring, uniq_jessica, uniq_terence
D:3:      layout_loops_ring, hellmonk_ecumenical_altar_watching_god,
          chequers_hall_statues_wall_a, minmay_misc_feat_cross,
          minmay_crystal_water
D:4:      layout_cave_pools, lemuel_round_altar, serial_bayou_ford_a,
          uniq_natasha

Skill      XL: |  1  2  3 |
---------------+----------+-----
Long Blades    | 4 5 |  5.7
Fighting       | |  3.0
Dodging        | |  3.0
Stealth        | |  2.6

Action                   |  1- 3 |  4- 6 || total
-------------------------+-------+-------++-------
Melee: Falchion          |    33 |    43 ||    76
       Constrict         |    11 |     9 ||    20
       Tentacles         |    11 |     4 ||    15
  Use: Scroll            |     2 |     3 ||     5
       Potion            |       |     2 ||     2
 Stab: Sleeping          |     6 |    10 ||    16
Armor: Skin              |       |     4 ||     4
Dodge: Dodged            |    15 |    30 ||    45

Table legend: (Time is in decaauts)
 A = Elapsed time spent in this place.
 B = Non-inter-level travel time spent in this place.
 C = Inter-level travel time spent in this place.
 D = Time resting spent in this place.
 E = Time spent auto-exploring this place.
 F = Levels seen in this place.
 G = Mean time per level.
                   A        B        C        D        E       F      G
               +--------+--------+--------+--------+--------+-----+--------+
         Total |   2339 |   2224 |    115 |    196 |   1588 |   4 |  584.8 |
       Dungeon |   2339 |   2224 |    115 |    196 |   1588 |   4 |  584.8 |
               +--------+--------+--------+--------+--------+-----+--------+

Top non-repeatable levels by time:
     D:2: 891 daAuts
     D:3: 733 daAuts
     D:1: 610 daAuts
     D:4: 104 daAuts
